 Dungeon Crawl Stone Soup version 0.28-a0-1395-g4f6bc678fa (webtiles) character file.

Game seed: 8312731596309985494

42 Peloso the Skirmisher (level 3, -1/34 HPs)
             Began as a Minotaur Fighter on Jan 4, 2022.
             Slain by an adder (2 damage)
             ... on level 2 of the Dungeon.
             The game lasted 00:01:45 (637 turns).

Peloso the Skirmisher (Minotaur Fighter)             Turns: 637, Time: 00:01:46

Health: -1/34      AC:  7    Str: 20    XL:     3   Next: 35%
Magic:  2/2        EV:  9    Int:  5    God:
Gold:   36         SH:  4    Dex: 11    Spells: 2/2 levels left

rFire   . . .      SeeInvis .   a - +0 long sword
rCold   . . .      Faith    .   c - +0 buckler
rNeg    . . .      Spirit   .   b - +0 scale mail
rPois   .          Reflect  .   (helmet restricted)
rElec   .          Harm     .   (no cloak)
rCorr   .          Rampage  .   (no gloves)
Will    .....                   (no boots)
Stlth   ..........              (no amulet)
HPRegen 0.11/turn               (no ring)
MPRegen 0.08/turn               (no ring)

@: lethally poisoned (-1 -> -2)
A: horns 2, retaliatory headbutt
a: no special abilities


You were on level 2 of the Dungeon.
You visited 1 branch of the dungeon, and saw 2 of its levels.

You collected 36 gold pieces.

Inventory:

Hand Weapons
 a - a +0 long sword (weapon)
Armour
 b - a +0 scale mail (worn)
 c - a +0 buckler (worn)
Scrolls
 e - 3 scrolls of identify {unknown}
 f - a scroll of enchant armour {unknown}
Potions
 d - a potion of might


   Skills:
 + Level 4.4 Fighting
 + Level 2.8 Long Blades
 + Level 4.1 Armour
 + Level 0.2 Dodging
 + Level 4.0 Shields


You had 2 spell levels left.
You didn't know any spells.
Your spell library contained the following spells:

 Spells                   Type           Power      Damage    Failure   Level
 Slow                     Hex            0%         N/A       83%         1
 Confusing Touch          Hex            0%         N/A       99%         3
 Vampiric Draining        Necr           0%         2d6       99%         3


Dungeon Overview and Level Annotations

Branches:
Dungeon (2/15)

Altars:


Innate Abilities, Weirdness & Mutations

You have a pair of horns on your head.
You reflexively headbutt those who attack you in melee.


Message History

You kill the endoplasm!
The adder bites you. The kobold hits you but does no damage.
The adder bites you but does no damage. The kobold hits you with a +0 dagger.
Found a stone staircase leading down.
The kobold barely misses you. The adder bites you.
You are poisoned.
The adder poisons you! The kobold hits you but does no damage.
The adder bites you.
You are more poisoned.
The adder poisons you!
You slash the adder! You headbutt the adder.
You kill the adder!
You feel very sick. The adder barely misses you.
The adder bites you but does no damage. You block the kobold's attack.
Your Shields skill increases to level 4!
You feel sick. The kobold barely misses you. You furiously retaliate!
You headbutt the kobold, but do no damage.
You see here an adder corpse.
You feel sick. You block the kobold's attack. The adder bites you.
You miss the adder. Your headbutt misses the adder.
You feel sick. The kobold misses you. The adder bites you but does no damage.
The kobold hits you but does no damage. The kobold hits you with a +0 club.
You barely miss the adder.
You feel sick. You block the adder's attack. The kobold closely misses you.
The kobold hits you with a +0 club.
* * * LOW HITPOINT WARNING * * *
The adder completely misses you.
You hit the adder but do no damage. Your headbutt misses the adder.
You feel sick. The kobold hits you but does no damage. The adder bites you.
* * * LOW HITPOINT WARNING * * *
The kobold hits you with a +0 club.
* * * LOW HITPOINT WARNING * * *
The kobold hits you with a +0 dagger.
* * * LOW HITPOINT WARNING * * *
Okay, then.
You barely miss the adder.
* * * LOW HITPOINT WARNING * * *
You feel sick. The adder bites you but does no damage.
You block the kobold's attack. The adder bites you.
You die...

.....>.#.#.#
.........#.#
.........#.###
.>...........#.
...........#...
................
..............#.
.......KSK......
........@.....#..#
..........#...#..#
..........####...#
..........###....#.
................#..
........†####.....#
#..................
#.#..#..###.#..####
....##.####.#.######


You could see an adder and 2 kobolds.

Vanquished Creatures
  An adder (D:2)
  5 ball pythons (D:1)
  3 bats
  3 endoplasms
  2 giant cockroaches (D:1)
  2 goblins (D:1)
  4 hobgoblins (D:1)
  2 jackals (D:1)
  A quokka (D:1)
  A frilled lizard (D:1)
  4 kobolds (D:1)
  2 rats (D:1)
30 creatures vanquished.

Notes
Turn   | Place    | Note
-------+----------+-------------------------------------------
     0 | D:1      | Peloso the Minotaur Fighter began the quest for the Orb.
     0 | D:1      | Reached XP level 1. HP: 19/19 MP: 0/0
   258 | D:1      | Reached XP level 2. HP: 27/27 MP: 1/1
   513 | D:1      | Reached XP level 3. HP: 34/34 MP: 2/2
   637 | D:2      | HP: 1/34 [poisoned by an adder]
   637 | D:2      | Slain by an adder

Illustrated notes

Levels and vault maps discovered:
D:1:      dpeg_arrival_snail, layout_rooms
D:2:      layout_rooms, basic_altar, uniq_robin

Skill      XL: |  1  2  3 |
---------------+----------+-----
Fighting       | 4 |  4.4
Armour         | 4 |  4.1
Shields        | 4 |  4.0
Long Blades    | |  2.8
Dodging        | |  0.2

Action                   || total
-------------------------++-------
Melee: Long sword        ||    53
       Headbutt          ||     7
Armor: Scale mail        ||    42
Dodge: Dodged            ||    32
Block: Buckler           ||    15

Table legend: (Time is in decaauts)
 A = Elapsed time spent in this place.
 B = Non-inter-level travel time spent in this place.
 C = Inter-level travel time spent in this place.
 D = Time resting spent in this place.
 E = Time spent auto-exploring this place.
 F = Levels seen in this place.
 G = Mean time per level.
                   A        B        C        D        E       F      G
               +--------+--------+--------+--------+--------+-----+--------+
         Total |    651 |    651 |      0 |      0 |    464 |   2 |  325.5 |
       Dungeon |    651 |    651 |      0 |      0 |    464 |   2 |  325.5 |
               +--------+--------+--------+--------+--------+-----+--------+

Top non-repeatable levels by time:
     D:1: 615 daAuts
     D:2: 35 daAuts
